Map: Eternal Empire LE

Players

HeroMarine - Winner!

  • Race: Terran Terran
  • Spawn Location: 7:00

SKillous

  • Race: Protoss Protoss
  • League: Grandmaster
  • Spawn Location: 1:00

VOD

Have the link to the VOD?

Description

Time

  • Played on: Jan. 14, 2020, 12:43 p.m.
  • Length: 12:47
Show
View Real Time Build Order
Export as new Build Order

HeroMarine Terran - Winner!

Build Orders: Reaper Expand 

Get SALT Encoding   

  12  0:00  SCV  
  13  0:12  SCV  
  14  0:17  Supply Depot  
  14  0:25  SCV  
  15  0:38  SCV  
  15  0:40  Barracks  
  16  0:43  Refinery  
  16  0:51  SCV  
  17  1:03  SCV  
  18  1:15  SCV  
  19  1:28  Reaper  
  19  1:29  Orbital Command  
  20  1:47  Command Center  
  21  1:54  SCV  
  21  1:55  Supply Depot  
  21  2:00  Marine  
  22  2:06  SCV  
  23  2:11  Factory  
  23  2:18  SCV  
  23  2:20  Refinery  
  23  2:21  Barracks Reactor  
  24  2:26  Bunker  
  24  2:30  SCV  
  25  2:42  SCV  
  26  2:54  SCV  
  26  2:58  Marine x2  
  30  2:59  Starport, Widow Mine  
  30  3:00  Orbital Command  
  31  3:06  SCV  
  32  3:16  Marine x2  
  32  3:18  SCV  
  35  3:22  Widow Mine  
  35  3:26  SCV  
  38  3:29  Supply Depot  
  38  3:31  SCV  
  38  3:33  Marine  
  38  3:34  Marine  
  40  3:38  SCV  
  44  3:43  SCV, Viking  
  44  3:46  Factory Tech Lab  
  44  3:51  SCV  
  44  3:54  Barracks  
  44  3:55  SCV  
  46  3:56  Marine x2  
  48  4:03  SCV  
  48  4:07  SCV, Cyclone  
  53  4:11  Barracks  
  53  4:12  Engineering Bay  
  53  4:15  SCV  
  54  4:29  Supply Depot  
  54  4:33  Refinery  
  54  4:34  SCV x2  
  55  4:39  Terran Infantry Weapons Level 1  
  55  4:41  Marine x2  
  55  4:42  Starport Tech Lab  
  56  4:46  SCV x2  
  56  4:47  Stimpack  
  56  4:52  Marauder  
  60  4:58  SCV x2  
  62  5:00  Marine  
  62  5:01  Marine  
  62  5:05  Supply Depot  
  64  5:08  Combat Shield  
  64  5:09  Marauder  
  64  5:10  SCV x2  
  64  5:11  Factory Reactor, Starport Reactor  
  68  5:15  Marauder  
  70  5:26  Supply Depot  
  70  5:27  Marine x2, SCV x2  
  74  5:30  Supply Depot  
  74  5:31  Marauder  
  76  5:36  Refinery, Marauder  
  76  5:39  SCV  
  78  5:46  Supply Depot  
  78  5:48  Medivac  
  78  5:49  Medivac  
  83  5:51  Widow Mine  
  83  5:54  Marine  
  86  5:58  Marine  
  86  6:02  Widow Mine, Marauder x2  
  91  6:12  Marine  
  91  6:15  Supply Depot  
  91  6:16  Marine  
  93  6:23  Medivac x2, Marauder x2  
  101  6:27  Supply Depot  
  101  6:34  SCV  
  101  6:36  SCV, Command Center  
  101  6:37  Widow Mine x2  
  101  6:39  Supply Depot  
  107  6:49  SCV x2  
  108  6:59  Marine x2, Marauder x2  
  108  7:01  SCV  
  104  7:06  Medivac x2, Terran Infantry Armor Level 1  
  102  7:11  SCV  
  102  7:13  SCV  
  104  7:16  Barracks  
  104  7:18  Barracks  
  104  7:20  Marauder  
  104  7:21  Marauder  
  108  7:23  SCV, Marine x2  
  108  7:26  SCV  
  112  7:35  SCV  
  111  7:38  SCV  
  109  7:45  Marauder x2  
  109  7:47  Marine x2  
  116  7:55  SCV x2  
  117  8:04  Viking x2  
  117  8:05  Marine  
  120  8:06  Marauder  
  120  8:07  SCV x2, Marauder  
  120  8:10  Barracks Tech Lab  
  125  8:17  Armory  
  125  8:18  Engineering Bay  
  125  8:19  SCV x2  
  127  8:21  Missile Turret  
  127  8:23  Orbital Command  
  126  8:31  SCV x2  
  126  8:34  Viking x2  
  132  8:38  Supply Depot  
  132  8:41  Refinery  
  132  8:42  Refinery  
  132  8:46  Ghost Academy  
  132  9:00  Marine x4  
  136  9:03  Viking, Marauder x3  
  136  9:04  SCV, Viking  
  136  9:07  Supply Depot  
  136  9:08  Supply Depot  
  146  9:10  Concussive Shells  
  146  9:14  Terran Infantry Weapons Level 2, Terran Infantry Armor Level 2  
  146  9:15  Terran Ship Weapons Level 1  
  146  9:24  Command Center  
  146  9:32  Ghost x3  
  146  9:35  Marine x4  
  155  9:40  Viking  
  155  9:41  Viking  
  159  9:51  Supply Depot, Enhanced Shockwaves  
  159  9:52  Supply Depot  
  159  9:57  Marine  
  159  9:58  Marine x3, Starport  
  159  9:59  Factory Reactor  
  163  10:01  Marauder  
  165  10:10  Marauder  
  165  10:13  Supply Depot, Marauder  
  156  10:21  Marine x2  
  156  10:22  Viking  
  156  10:23  Marauder  
  156  10:24  Viking  
  156  10:26  Marine x2  
  150  10:31  Marauder  
  150  10:32  SCV x3  
  150  10:34  Marauder  
  135  10:39  Marine x2  
  133  10:43  Marine  
  133  10:44  SCV x3, Marine x2  
  133  10:47  Liberator x2  
  139  10:52  Ghost  
  139  10:53  Liberator  
  139  10:55  Ghost  
  146  10:59  Marine  
  146  11:00  Marine  
  146  11:01  Ghost  
  146  11:03  Marine x2  
  149  11:05  Liberator  
  158  11:17  Marine x2  
  160  11:18  Supply Depot  
  160  11:21  Marine x2, Marauder  
  160  11:24  Marauder  
  169  11:30  Marauder  
  170  11:34  Marine  
  170  11:35  Marine  
  170  11:38  Marine  
  170  11:39  Marine, Liberator  
  174  11:43  Marauder  
  174  11:45  Marauder  
  164  11:47  Viking x2  
  164  11:52  Marine, Marauder  
  164  11:53  Marine  
  160  11:56  Marine  
  160  11:59  Marine  
  165  12:04  Marauder  
  165  12:06  Marine  
  171  12:10  Marine  
  171  12:11  Marine  
  171  12:12  Marine  
  159  12:22  Marine x2  
  155  12:25  Marine, Marauder  
  155  12:28  Marine  
  155  12:29  Marine  
Show
View Real Time Build Order
Export as new Build Order

SKillous Protoss 

Build Orders: 1 Gate Expand, Phoenix Opening 

Get SALT Encoding   

  12  0:00  Probe  
  13  0:12  Probe  
  14  0:17  Pylon  
  14  0:25  Probe  
  15  0:36  Gateway  
  15  0:37  Probe (Chrono Boost)  
  16  0:47  Probe (Chrono Boost), Assimilator  
  17  0:52  Probe (Chrono Boost)  
  18  1:04  Probe  
  19  1:16  Probe  
  20  1:23  Nexus  
  20  1:32  Cybernetics Core  
  20  1:35  Probe  
  21  1:41  Assimilator  
  21  1:48  Probe  
  21  1:50  Pylon  
  22  2:00  Probe  
  23  2:06  Adept (Chrono Boost)  
  23  2:12  Probe  
  26  2:21  Stargate  
  26  2:24  Probe  
  26  2:28  Adept (Chrono Boost)  
  29  2:36  Probe (Chrono Boost)  
  31  2:38  Probe (Chrono Boost)  
  31  2:48  Probe (Chrono Boost)  
  31  2:50  Adept  
  33  2:54  Probe (Chrono Boost)  
  33  2:55  Probe (Chrono Boost)  
  36  3:00  Probe  
  36  3:02  Probe  
  36  3:04  Phoenix (Chrono Boost)  
  40  3:12  Pylon  
  40  3:13  Probe  
  40  3:14  Probe  
  42  3:22  Phoenix (Chrono Boost)  
  42  3:25  Probe  
  42  3:27  Probe  
  46  3:37  Probe  
  46  3:39  Probe  
  48  3:41  Phoenix (Chrono Boost)  
  50  3:49  Probe  
  50  3:51  Probe  
  50  3:52  Gateway  
  50  3:53  Gateway  
  52  4:00  Pylon  
  52  4:03  Nexus  
  52  4:05  Probe  
  52  4:07  Probe  
  54  4:10  Assimilator  
  54  4:17  Assimilator  
  54  4:18  Robotics Facility  
  54  4:20  Phoenix (Chrono Boost)  
  56  4:27  Probe x2  
  56  4:35  Phoenix  
  58  4:40  Probe (Chrono Boost)  
  58  4:44  Probe (Chrono Boost)  
  60  4:49  Warp Gate  
  60  4:51  Pylon  
  60  4:52  Probe (Chrono Boost)  
  61  4:58  Probe (Chrono Boost)  
  61  4:59  Pylon  
  62  5:09  Probe (Chrono Boost), Stalker x3  
  62  5:10  Forge, Robotics Bay  
  62  5:11  Probe (Chrono Boost)  
  70  5:15  Observer  
  70  5:19  Probe (Chrono Boost)  
  72  5:24  Pylon  
  72  5:25  Probe (Chrono Boost)  
  72  5:27  Probe (Chrono Boost)  
  77  5:29  Probe (Chrono Boost)  
  77  5:33  Probe (Chrono Boost)  
  77  5:35  Probe (Chrono Boost)  
  80  5:36  Probe (Chrono Boost)  
  80  5:39  Immortal (Chrono Boost)  
  80  5:40  Probe  
  80  5:42  Probe, Protoss Ground Weapons Level 1 (Chrono Boost)  
  85  5:46  Probe  
  85  5:49  Pylon  
  85  5:50  Shield Battery  
  85  5:55  Sentry  
  85  5:56  Probe  
  88  5:57  Probe  
  89  6:09  Pylon, Colossus (Chrono Boost)  
  89  6:15  Gateway x2  
  95  6:18  Gateway  
  95  6:21  Gateway  
  95  6:22  Probe x2  
  95  6:25  Assimilator  
  97  6:26  Shield Battery  
  97  6:29  Shield Battery  
  97  6:32  Pylon  
  97  6:35  Pylon  
  97  6:38  Assimilator  
  97  6:39  Sentry x2, Zealot  
  103  6:40  Probe x3  
  106  6:48  Colossus (Chrono Boost)  
  106  6:52  Probe  
  104  7:05  Probe  
  104  7:07  Probe  
  102  7:15  Extended Thermal Lance  
  102  7:16  Gateway  
  102  7:17  Gateway, Stalker x4  
  102  7:18  Zealot, Twilight Council  
  102  7:20  Zealot x2  
  102  7:22  Pylon  
  116  7:23  Probe  
  117  7:30  Pylon  
  117  7:31  Colossus (Chrono Boost)  
  118  7:45  Probe  
  118  7:46  Probe  
  118  7:47  Probe  
  115  7:55  Blink (Chrono Boost)  
  115  7:58  Probe x2  
  117  8:05  Observer  
  117  8:10  Probe  
  117  8:11  Pylon  
  118  8:15  Warp Prism (Chrono Boost), Stalker x5  
  118  8:16  Protoss Ground Armor Level 1 (Chrono Boost), Stalker x4  
  118  8:19  Pylon  
  138  8:26  Pylon  
  138  8:32  Observer  
  138  8:34  Nexus  
  138  8:35  Pylon  
  138  8:36  Probe  
  138  8:40  Observer  
  139  8:42  Pylon  
  139  8:47  Colossus (Chrono Boost)  
  145  8:48  Probe  
  145  8:49  Probe  
  145  8:52  Templar Archives  
  147  8:56  Pylon  
  147  8:58  Probe, Forge  
  147  9:01  Probe x2, Pylon  
  150  9:06  Stalker x2  
  154  9:15  Unknown  
  154  9:18  Zealot  
  154  9:22  Zealot x4  
  164  9:30  Protoss Ground Weapons Level 2 (Chrono Boost), Pylon  
  164  9:38  Immortal (Chrono Boost)  
  168  9:46  Charge (Chrono Boost)  
  168  9:49  Zealot x7  
  182  9:53  Zealot  
  182  9:56  Zealot  
  186  10:13  Protoss Ground Armor Level 2 (Chrono Boost)  
  174  10:22  Colossus (Chrono Boost), Stalker x5  
  174  10:23  Stalker x2  
  173  10:29  Zealot  
  173  10:30  Zealot  
  125  10:45  Zealot x2  
  125  10:46  Zealot x5  
  139  10:50  Gateway  
  139  10:54  Gateway  
  139  10:55  Gateway  
  139  10:58  High Templar x2  
  143  11:05  Archon, Colossus (Chrono Boost)  
  143  11:06  High Templar  
  143  11:07  High Templar x3  
  143  11:08  High Templar x2  
  143  11:09  Sentry  
  163  11:12  Archon  
  163  11:13  Archon  
  163  11:19  Nexus  
  163  11:20  Archon  
  163  11:25  Shield Battery  
  163  11:27  Pylon  
  163  11:32  Zealot x3  
  167  11:43  Zealot x6  
  167  11:46  Zealot  
  153  11:49  Colossus (Chrono Boost)  
  153  11:50  Zealot x2  
  125  11:56  Zealot x3  
  124  12:03  Zealot x5  
  124  12:05  Sentry  
  136  12:12  Sentry x3  
  124  12:22  Zealot x3  
  114  12:24  Stalker  
Tags
 
Add a new tag
Caveats
  • Supply blocks, unpowered buildings, or Contaminate may cause inaccurate times.
  • Supply counts are checked every 10 seconds.